 Dungeon Crawl Stone Soup version 0.27.1-16-g815e20cd7a (webtiles) character file.

Game seed: 14061775226775011766

98 Descartes the Ducker (level 4, -3/22 HPs)
             Began as a Spriggan Wanderer on Nov 21, 2021.
             Slain by a gnoll (7 damage)
             ... on level 3 of the Dungeon.
             The game lasted 00:11:20 (2912 turns).

Descartes the Ducker (Spriggan Wanderer)            Turns: 2912, Time: 00:11:22

Health: -3/22      AC:  2    Str:  9    XL:     4   Next: 43%
Magic:  7/7        EV: 19    Int: 14    God:
Gold:   92         SH:  0    Dex: 19    Spells: 6/6 levels left

rFire    . . .     SeeInvis +   a - +2 dagger
rCold    . . .     Faith    .   (shield restricted)
rNeg     . . .     Spirit   .   e - +0 robe
rPois    .         Reflect  .   (helmet restricted)
rElec    .         Harm     .   (no cloak)
rCorr    .         Rampage  .   (gloves unavailable)
Will     .....                  (boots unavailable)
Stlth    +++.......             (no amulet)
HPRegen  0.07/turn              j - +6 ring of dexterity
MPRegen  0.10/turn              p - ring of flight

@: flying, very quick
A: very small, no large weapons, unfitting armour, see invisible, speed 3
a: no special abilities


You were on level 3 of the Dungeon.
You visited 1 branch of the dungeon, and saw 3 of its levels.

You collected 92 gold pieces.

Inventory:

Hand Weapons
 a - a +2 dagger (weapon)
 b - a +0 shortbow
 l - a +0 hunting sling
Missiles
 c - 3 curare-tipped darts (quivered)
 d - 32 arrows
 m - 9 stones
Armour
 e - a +0 robe (worn)
Magical Staves
 o - a staff of conjuration
Jewellery
 j - a +6 ring of dexterity (left hand)
 p - a ring of flight (right hand)
Scrolls
 g - a scroll of fog {unknown}
 h - 2 scrolls of noise {unknown}
 i - 3 scrolls of identify {unknown}
 k - a scroll of enchant armour {unknown}
 n - a scroll of enchant weapon {unknown}
 q - a scroll of teleportation {unknown}
Potions
 f - a potion of lignification {unknown}


   Skills:
 - Level 1.5 Fighting
 + Level 1.9 Short Blades
 + Level 2.6 Bows
 - Level 2.0 Throwing
 + Level 3.7 Dodging
 * Level 3.5 Stealth
 - Level 1.6 Spellcasting
 - Level 1.3 Transmutations
 - Level 1.0 Fire Magic


You had 6 spell levels left.
You didn't know any spells.
Your spell library was empty.

Dungeon Overview and Level Annotations

Branches:
Dungeon (3/15)

Altars:


Innate Abilities, Weirdness & Mutations

You are very small and have problems with some larger weapons.
You are too small for most types of armour.
You have supernaturally acute eyesight. (SInv)
You cover ground extremely quickly. (Speed+++)


Message History

As you open the door, it creaks loudly!
There is an open door here.
You now have 92 gold pieces (gained 18).
There is an open door here.
Found a stone staircase leading down.
There is a stone staircase leading down here.
An adder comes into view.
Throw: 3 darts (curare)
Press: ? - help, Q - select action, (/) - cycle Shift-Dir - straight line, f - adder
Aim: an adder (asleep, 98% to hit)
You throw a curare-tipped dart. The curare-tipped dart hits the adder.
The adder is poisoned.
The adder convulses.
The adder seems to slow down.
The adder hisses angrily.
The adder is almost dead.
You kill the adder!
No target in view!
No target in view!
Found a scroll labelled ELAGUUSOLOSK.
You see here an adder corpse.
c - 3 curare-tipped darts (gained 1)
q - a scroll labelled ELAGUUSOLOSK
Found a stone staircase leading down.
A ball python comes into view.
Found an escape hatch in the floor.
A ball python is nearby!
A gnoll comes into view.
It is wielding a +0 halberd. 3 gnolls come into view.
Found 22 arrows.
The gnoll shouts! x3
The gnoll hits you with a +0 halberd. The gnoll closely misses you.
There is an escape hatch in the floor here.
You hit the gnoll.
The gnoll is lightly wounded.
The ball python completely misses you. The ball python barely misses you.
The gnoll hits you with a +0 halberd!
Ouch! That really hurt!
* * * LOW HITPOINT WARNING * * *
The gnoll hits you from afar with a +0 spear!
You die...

#.# #.# #.# #.# #.#
###.################
#>..................
#.#.###############.
#@# #######.
#..Sggg.... ........
#.#..g...(. ########
#.######### #.. #
#.. ###


You could see 4 gnolls and a ball python.

Vanquished Creatures
  5 adders
  2 dart slugs (D:1)
  3 endoplasms
  6 giant cockroaches
  4 goblins
  6 hobgoblins
  A quokka (D:1)
  4 ball pythons
  2 bats (D:1)
  3 frilled lizards (D:1)
  5 kobolds
  5 rats
46 creatures vanquished.

Vanquished Creatures (others)
  A djinni (D:1)
  A vine stalker (D:1)
  A merfolk (D:1)
  2 vampires (D:1)
  A spriggan (D:1)
  A demonspawn (D:1)
  A felid (D:1)
  3 gnolls (D:1)
  A kobold (D:1)
  4 tentacles (D:1)
16 creatures vanquished.

Grand Total: 62 creatures vanquished

Notes
Turn   | Place    | Note
-------+----------+-------------------------------------------
     0 | D:1      | Descartes the Spriggan Wanderer began the quest for the
                  | Orb.
     0 | D:1      | Descartes set off with the following items: a +2 dagger, 3
                  | curare-tipped darts, a +0 shortbow, 24 arrows, a +0 robe
     0 | D:1      | Reached XP level 1. HP: 10/10 MP: 3/3
     0 | D:1      | Noticed a felid
     0 | D:1      | Noticed a vine stalker
     0 | D:1      | Noticed a vampire
     0 | D:1      | Noticed a djinni
     0 | D:1      | Noticed a kraken
     0 | D:1      | Noticed a demonspawn
     0 | D:1      | Noticed a spriggan
     0 | D:1      | Noticed a merfolk
     0 | D:1      | Noticed a vampire
     7 | D:1      | Killed a vampire
     8 | D:1      | Killed a merfolk
    12 | D:1      | Killed a djinni
    13 | D:1      | Killed a vampire
    13 | D:1      | Killed a felid
    14 | D:1      | Killed a vine stalker
    14 | D:1      | Killed a demonspawn
    15 | D:1      | Killed a spriggan
   180 | D:1      | Reached skill level 1 in Stealth
   231 | D:1      | Reached XP level 2. HP: 9/14 MP: 5/5
   631 | D:1      | Reached skill level 1 in Short Blades
  1007 | D:1      | Found a faded altar of an unknown god.
  1020 | D:1      | Reached XP level 3. HP: 18/18 MP: 6/6
  1956 | D:2      | Reached XP level 4. HP: 22/22 MP: 7/7
  2912 | D:3      | Slain by a gnoll

Illustrated notes

Levels and vault maps discovered:
D:1:      nicolae_arrival_kraken_aquarium_a, layout_rooms,
          ebering_ecumenical_altar_mist, serial_forest, infiniplex_forest_pool,
          infiniplex_forest_lined_corner, infiniplex_forest_end_2,
          infiniplex_forest_clump_C, infiniplex_forest_fountain,
          infiniplex_forest_clump_curved, infiniplex_forest_3_way, minivault_25,
          chequers_serial_rivers_micro_a, minmay_tree_intersection
D:2:      wad_pebble_path, layout_basic, minmay_misc_feat_secret_circle
D:3:      layout_basic, minmay_snake_closets, uniq_sigmund

Skill      XL: |  1  2  3  4 |
---------------+-------------+-----
Stealth        | 1 2 3 |  3.5
Dodging        | 3 |  3.7
Short Blades   | 1 |  1.9
Bows           | 2 |  2.6
Fighting       | |  1.5
Throwing       | |  2.0
Spellcasting   | |  1.6
Transmutations | |  1.3
Fire Magic     | |  1.0

Action                   |  1- 3 |  4- 6 || total
-------------------------+-------+-------++-------
Melee: Dagger            |    99 |     4 ||   103
 Fire: Shortbow          |    11 |    34 ||    45
Throw: Dart              |       |     2 ||     2
 Stab: Sleeping          |     8 |       ||     8
Armor: Robe              |    13 |       ||    13
Dodge: Dodged            |    80 |     5 ||    85
